 Dungeon Crawl Stone Soup version 0.23.2-33-g5129a83184 (webtiles) character file.

Game seed: 15272056804372454803

68 Gwenloh the Magician (level 4, -4/24 HPs)
             Began as a Deep Elf Wizard on July 14, 2019.
             Killed from afar by Sigmund (12 damage)
             ... with a puff of flame
             ... on level 2 of the Dungeon.
             The game lasted 00:09:23 (2150 turns).

Gwenloh the Magician (Deep Elf Wizard)              Turns: 2150, Time: 00:09:24

Health: -4/24      AC:  2    Str:  4    XL:     4   Next: 1%
Magic:  3/13       EV: 13    Int: 24    God:
Gold:   99         SH:  0    Dex: 13    Spells: 3/13 levels left

rFire    . . .     SeeInvis .   h - +0 whip
rCold    . . .     Gourm    .   (no shield)
rNeg     . . .     Faith    .   a - +0 robe
rPois    .         Spirit   .   b - +0 hat
rElec    .         Reflect  .   (no cloak)
rCorr    .         Harm     .   (no gloves)
MR       .....                  (no boots)
Stlth    ++........             (no amulet)
HPRegen  0.08/turn              (no ring)
MPRegen  0.13/turn              (no ring)

@: no status effects
A: no striking features
a: no special abilities


You were on level 2 of the Dungeon.
You were hungry.

You visited 1 branch of the dungeon, and saw 2 of its levels.

You collected 99 gold pieces.

Inventory:

Hand Weapons
 h - a +0 whip (weapon)
Armour
 a - a +0 robe (worn)
 b - a +0 hat (worn)
Scrolls
 e - 2 scrolls of teleportation
Potions
 c - 2 potions of berserk rage
 g - a potion of heal wounds {unknown}
Comestibles
 d - 4 rations
 f - 5 chunks of flesh


   Skills:
 * Level 3.3 Dodging
 + Level 2.8 Stealth
 * Level 5.1 Spellcasting
 * Level 2.5 Conjurations
 + Level 1.5 Summonings
 - Level 1.1 Translocations


You had 3 spell levels left.
You knew the following spells:

 Your Spells              Type           Power        Failure   Level  Hunger
a - Magic Dart            Conj           ###.         3%          1    None
b - Blink                 Tloc           N/A          9%          2    None
c - Call Imp              Summ           ##......     7%          2    None
d - Slow                  Hex            #.......     13%         2    None
e - Conjure Flame         Conj/Fire      ##......     16%         3    ##.....

Your spell library contained the following spells:

 Spells                   Type           Power        Failure   Level  Hunger
 Mephitic Cloud           Conj/Pois/Air  ##......     19%         3    ##.....


Dungeon Overview and Level Annotations

Branches:
Dungeon (2/15)

Altars:

Annotations:
D:2 Sigmund


Message History

Casting: Magic Dart (safe; 3% risk of failure)
Confirm with . or Enter, or press ? or * to list all spells.
You don't have enough magic to cast that spell.
Firing (i - inventory) No suitable missiles.
Press: ? - help, Shift-Dir - straight line, p - Sigmund
Okay, then.
Sigmund casts a spell at you.
You are confused.
Sigmund casts a spell.
Sigmund flickers and vanishes!
Deactivating autopickup; reactivate with Ctrl-A.
You bump into the rock wall.
You bump into the rock wall.
You feel less confused.
A magic dart appears from out of thin air!
The magic dart hits you.
A puff of flame appears from out of thin air!
The puff of flame hits you!
Ouch! That really hurt!
You die...

....(...
#...##.#
#######.
###.##(###
#######
#######.##...#
.......
#.{.....##)#.#
####.##
#.########.#.#
....(# #.#
#..(.#.#
####.# # #.#
#.####.# #.#
.# #.# #.# #.#
####.##.##.#
#@# #.# #.#
...........#
#รท# #.# #.#
####..######
#.# #.# #.#
......# #.#
#.# #.# ##
.####.# #.#
#.# #. #.# #.#
#.# ....
#####.# #>#
#.# ###
......# #.#
#.# #####.#
####.## #.#


There were no monsters in sight!

Vanquished Creatures
  2 adders (D:2)
  2 worms (D:2)
  A dart slug (D:1)
  A leopard gecko (D:1)
  8 bats
  2 giant cockroaches (D:2)
  3 goblins (D:1)
  6 hobgoblins
  3 jackals (D:1)
  4 kobolds
  3 frilled lizards (D:1)
  8 rats (D:1)
43 creatures vanquished.

Notes
Turn   | Place    | Note
-------+----------+-------------------------------------------
     0 | D:1      | Gwenloh the Deep Elf Wizard began the quest for the Orb.
     0 | D:1      | Reached XP level 1. HP: 10/10 MP: 7/7
   264 | D:1      | Reached XP level 2. HP: 15/15 MP: 6/9
   268 | D:1      | Learned a level 2 spell: Blink
   271 | D:1      | Learned a level 2 spell: Call Imp
   274 | D:1      | Learned a level 2 spell: Slow
  1243 | D:1      | Reached XP level 3. HP: 19/19 MP: 9/11
  1617 | D:2      | Reached skill level 5 in Spellcasting
  1716 | D:2      | Learned a level 3 spell: Conjure Flame
  1961 | D:2      | Reached XP level 4. HP: 24/24 MP: 5/13
  2033 | D:2      | Noticed Sigmund
  2150 | D:2      | Killed from afar by Sigmund

Skill      XL: |  1  2  3 |
---------------+----------+-----
Dodging        | 3 |  3.3
Conjurations   | 2 |  2.5
Spellcasting   | 5 |  5.1
Stealth        | |  2.8
Summonings     | |  1.5
Translocations | |  1.1

Action                   |  1- 3 |  4- 6 || total
-------------------------+-------+-------++-------
Melee: Unarmed           |    15 |       ||    15
       Whip              |     6 |       ||     6
 Cast: Magic Dart        |   100 |    10 ||   110
       Conjure Flame     |     2 |     2 ||     4
  Use: Scroll            |     5 |       ||     5
       Potion            |     1 |       ||     1
  Eat: Chunk             |     3 |       ||     3
Armor: Robe              |     2 |       ||     2
Dodge: Dodged            |    22 |       ||    22
